[Event "*** Titled Tuesday 3|2 Blitz"]
[Site "Chess.com"]
[Date "2016.10.04"]
[Round "5"]
[White "gmjoey1"]
[Black "ZapataCharlesS"]
[Result "0-1"]
[WhiteElo "2543"]
[BlackElo "2598"]
[TimeControl "180+2"]
[EndTime "12:04:12 PDT"]
[Termination "ZapataCharlesS won by resignation"]

1. e4 c5 2. c3 Nc6 3. d4 cxd4 4. cxd4 d6 5. d5 Nb8 6. Nc3 Nf6 7. Be2 g6 8. g4 Bg7 9. g5 Nfd7 10. h4 O-O 11. h5 a6 12. Be3 b5 13. Bd4 Bxd4 14. Qxd4 Qb6 15. Nf3 Qxd4 16. Nxd4 Bb7 17. b4 Nb6 18. a4 Rc8 19. Kd2 Nc4+ 20. Bxc4 Rxc4 21. Kd3 Nd7 22. axb5 Rxb4 23. Nc6 Rb2 24. hxg6 hxg6 25. Rh4 Kg7 26. Rah1 Nf8 27. f4 axb5 28. Nxe7 f6 29. gxf6+ Kxf6 30. Ng8+ Kf7 31. Nh6+ Ke7 32. Ng4 Ra3 33.
Rh7+ Nxh7 34. Rxh7+ Kd8 35. Rxb7 b4 36. e5 bxc3 37.
Rxb2 cxb2+ 38. Kc2 Rb3 39. Kb1 Rb4 40. exd6 Kd7 41.
Ne5+ Kxd6 42. Nxg6 Kxd5 43. Ne5 Rb8 44. Nd7 Rb3 45. f5 Kc4 46. f6 Kc3 47. Nc5 Rb4 48. f7 Rf4 49. f8=Q Rxf8 50. Na4+ Kb3 51. Nc5+ Ka3 52. Nb3 Rf1+ 53. Kc2 Rf2+ 54. Kb1 Rh2 55. Nd2 Rh1+ 56. Kc2 Rc1+ 57. Kd3 Rd1 0-1

[Event "*** Titled Tuesday 3|2 Blitz"]
[Site "Chess.com"]
[Date "2016.10.04"]
[Round "5"]
[White "Usurpov"]
[Black "Frolyanov_D"]
[Result "1/2-1/2"]
[WhiteElo "2292"]
[BlackElo "2413"]
[TimeControl "180+2"]
[EndTime "12:04:13 PDT"]
[Termination "Game drawn - insufficient material"]

1. e4 e5 2. Nf3 Nf6 3. Nc3 Nc6 4. d4 exd4 5. Nxd4 Bb4 6. Nxc6 bxc6 7. Bd3 d5 8. exd5 O-O 9. O-O cxd5 10. Qf3 c6 11. h3 Re8 12. Bf4 Bd6 13. Rfe1 Be6 14.
Ne2 Rb8 15. b3 Rb4 16. Bxd6 Qxd6 17. Qg3 Qxg3 18. fxg3 Nd7 19. c3 Rbb8 20. g4 c5 21. Bc2 f6 22. Nf4 Bf7 23. Kf2 Ne5 24. Rad1 Red8 25.
Bf5 Rb6 26. c4 d4 27. Nd3 Nxd3+ 28. Bxd3 Kf8 29. h4 g6 30. Kf3 a5 31. Kf4 a4 32. Rb1 Rdb8 33. Bc2 axb3 34. axb3 Ra6 35. Ra1 Rba8 36. Rxa6 Rxa6 37. g5 Ra2 38. Re2 Kg7 39.
gxf6+ Kxf6 40. g4 Be6 41. Bd3 Ra3 42. Rb2 Ke7 43. Kg5 Kd6 44. h5 gxh5 45. gxh5 Ra7 46.
Kh6 Bg4 47. Rg2 Bd1 48. Rd2 Bxb3 49. Rb2 Bd1 50. Rb6+ Ke5 51. Rc6 Kf4 52. Rxc5 Ke3 53. Bxh7 d3 54. Re5+ Kd2 55. Rd5 Be2 56. c5 Ke3 57. Bxd3 Bxd3 58. c6 Rc7 59. Rd6 Be4 60. Kg5 Bxc6 61. h6 Be4 62. Rf6 Rc5+ 63. Kh4 Rc7 64.
Kg5 Rc1 65. Re6 Rg1+ 66. Kf6 Kf4 67. Rxe4+ Kxe4 68. h7 Rh1 69. Kg7 Kf5 70. h8=Q Rxh8 71.
Kxh8 1/2-1/2

[Event "*** Titled Tuesday 3|2 Blitz"]
[Site "Chess.com"]
[Date "2016.10.04"]
[Round "5"]
[White "jcibarra"]
[Black "VSERGUEI"]
[Result "1/2-1/2"]
[WhiteElo "2696"]
[BlackElo "2548"]
[TimeControl "180+2"]
[EndTime "12:04:14 PDT"]
[Termination "Game drawn - insufficient material"]

1. e4 e6 2. d4 d5 3. Bd3 dxe4 4.
Bxe4 Nf6 5. Bf3 c5 6. Ne2 cxd4 7. Qxd4 Bd7 8. Bxb7 Nc6 9. Bxc6 Bxc6 10. Qxd8+ Rxd8 11. O-O Be4 12. Be3 a6 13. Nbc3 Bxc2 14. Rac1 Bg6 15. Rfd1 Be7 16. Re1 O-O 17. Nd4 Rc8 18. a3 Ng4 19.
Nce2 Nxe3 20. fxe3 e5 21. Nc6 Bg5 22. Kf2 Rfe8 23.
Rc5 Be4 24. Rec1 Kf8 25. b4 Bxg2 26. Kxg2 Bxe3 27. a4 e4 28. b5 axb5 29. axb5 Bxc1 30. Rxc1 Re6 31. Ned4 Rg6+ 32. Kf2 Ra8 33. b6 Ra2+ 34. Ke3 Rb2 35. Ne5 Rgxb6 36. Nd7+ Ke7 37. Nxb6 Rxb6 38.
Kxe4 g6 39. Rc7+ Kf6 40. Rc2 Kg7 41. Rf2 Rf6 42. Ra2 Rf1 43. Nf3 h6 44. Ke3 g5 45.
Ke2 Rb1 46. Kf2 Rb5 47. Kg3 Kg6 48. Ra6+ f6 49. Nd2 Rb4 50. Kf3 Rf4+ 51. Ke3 h5 52.
Ne4 h4 53. h3 Rf5 54. Rc6 Rf4 55. Rb6 Rf5 56. Rb8 Rf4 57. Rb5 Rf5 58. Rxf5 Kxf5 59.
Kf3 Kg6 60. Nc5 f5 61. Nd3 g4+ 62. hxg4 fxg4+ 63. Kxg4 h3 64. Kxh3 1/2-1/2

[Event "*** Titled Tuesday 3|2 Blitz"]
[Site "Chess.com"]
[Date "2016.10.04"]
[Round "5"]
[White "APL2001"]
[Black "GrigorGrigorov"]
[Result "1-0"]
[WhiteElo "2443"]
[BlackElo "2549"]
[TimeControl "180+2"]
[EndTime "12:04:16 PDT"]
[Termination "APL2001 won by resignation"]

1. e4 g6 2. d4 Bg7 3. Nc3 c6 4. Nf3 d6 5. Be2 Nf6 6. Be3 O-O 7. h3 Nbd7 8. a4 e5 9. O-O Re8 10. dxe5 Nxe5 11. Qd2 Be6 12. Nxe5 dxe5 13. Qxd8 Rexd8 14. Rad1 Rxd1 15. Rxd1 Bf8 16. Bg5 Kg7 17. Be3 Bb4 18.
f3 Nd7 19. Nb1 Bc5 20. Kf2 Bxe3+ 21. Kxe3 Kf6 22. b3 Ke7 23. Nd2 h5 24. Bc4 h4 25.
Bxe6 Kxe6 26. Nc4 Ke7 27. Rd2 f6 28. Rd1 Nc5 29. f4 exf4+ 30. Kxf4 Rh8 31. e5 Ne6+ 32. Ke3 f5 33. Na5 Rd8 34. Rd3 Rxd3+ 35. cxd3 Nc5 36. d4 Na6 37. Nxb7 Nb4 38. Nc5 g5 39. Kd2 g4 40.
hxg4 fxg4 41. Ke3 Nd5+ 42. Kf2 Nf4 43. Ne4 Ke6 44. Nc3 Nd3+ 45. Ke3 Ne1 46. Kf2 Nc2 47. Ne2 Kf5 48. a5 Na1 49. b4 Nc2 50. d5 Kxe5 51. dxc6 Kd6 52. b5 Na3 53. Nc3 Nc4 54. a6 Ne5 55.
Ne4+ Kc7 56. Nc3 Kd6 57. Ne4+ Kc7 58. Nf6 h3 59. gxh3 gxh3 60. Nd5+ Kd6 61. c7 Kd7 62. b6 Nc4 63. b7 1-0

[Event "*** Titled Tuesday 3|2 Blitz"]
[Site "Chess.com"]
[Date "2016.10.04"]
[Round "5"]
[White "Gordima"]
[Black "ChessSkool"]
[Result "1-0"]
[WhiteElo "2553"]
[BlackElo "2426"]
[TimeControl "180+2"]
[EndTime "12:04:39 PDT"]
[Termination "Gordima won on time"]

1. e4 c6 2. Nc3 d5 3. Qe2 dxe4 4.
Nxe4 g6 5. f4 Bg7 6. Nf3 Nf6 7.
d3 O-O 8. g3 Qb6 9. c3 Nd5 10.
Bg2 Nd7 11. Qf2 N7f6 12. Qxb6 axb6 13. a3 Bf5 14. Ne5 Ng4 15. d4 Nge3 16. Bxe3 Nxe3 17.
Kf2 Nxg2 18. Nd2 Bh3 19. Ndf3 b5 20. Rhd1 h6 21. Nd3 Rfd8 22. Rd2 Bf6 23. Ng1 Nxf4 24. gxf4 Bf5 25. Rad1 Bg4 26. Nf3 Kg7 27. Nc5 b6 28. Ne4 e6 29. Ke3 Be7 30. Rg1 Bxf3 31. Kxf3 Rd5 32.
Rgd1 Rad8 33. Ng3 Bd6 34. Re2 Bc7 35. Red2 h5 36. h3 Bd6 37. Ne4 Be7 38. Ng3 c5 39. Ne4 f5 40. Ng3 cxd4 41. Rxd4 Rxd4 42. Rxd4 Rxd4 43.
cxd4 Bf6 44. Ne2 Kf7 45. Ke3 Be7 46. b4 g5 47. fxg5 Bxg5+ 48. Kd3 Kf6 49. Nc3 Bc1 50.
Nxb5 Kg5 51. Nc7 Bxa3 52. Nxe6+ Kf6 53. Nf4 Kg5 54. Ne6+ Kf6 55. Nf4 h4 56. b5 Bd6 57.
Nd5+ Kg5 58. Ke3 Kg6 59. Nxb6 Kf6 60. Nc4 Bb8 61. b6 Ke6 62. Kd3 Kd5 63. Ne3+ Ke6 64. b7 f4 65. Ng2 1-0

[Event "*** Titled Tuesday 3|2 Blitz"]
[Site "Chess.com"]
[Date "2016.10.04"]
[Round "5"]
[White "ulises2013"]
[Black "Peroncio"]
[Result "0-1"]
[WhiteElo "2323"]
[BlackElo "2439"]
[TimeControl "180+2"]
[EndTime "12:04:51 PDT"]
[Termination "Peroncio won by checkmate"]

1. e4 e5 2. Nf3 Nc6 3. Bc4 Nf6 4. Nc3 Nxe4 5. Nxe4 d5 6. Bd3 dxe4 7. Bxe4 Bd6 8.
O-O O-O 9. Re1 Bg4 10. h3 Bh5 11. g4 Bg6 12. Qe2 Nd4 13. Nxd4 exd4 14. Bxb7 Rb8 15. Be4 Qh4 16. Qf3 f5 17. gxf5 Bh5 18. Qg2 d3 19.
cxd3 Kh8 20. b3 Bf4 21. Bb2 Rg8 22. Re3 Bxe3 23. dxe3 Qe7 24. Rc1 c5 25. Ba3 Rgc8 26. Bb2 Rf8 27. Qg3 Rbc8 28. Be5 Rfd8 29. Kh2 c4 30. Rxc4 Rxc4 31. bxc4 a5 32. Bd4 a4 33.
c5 a3 34. c6 Rc8 35. Be5 Be8 36. c7 Ba4 37. Bb7 Bd7 38. Bxc8 Bxc8 39. Bd6 Qf7 40. Bxa3 Qxa2 41. Bc5 Bxf5 42. Bd4 Qf7 43. Qd6 Bd7 44. f4 Kg8 45. Qb4 Qe6 46. Qb8+ Bc8 47. Qb5 Qxh3+ 48. Kg1 Qg4+ 49. Kf2 Qh4+ 50. Ke2 Qg4+ 51. Kd2 Qe6 52.
Qg5 Qd7 53. Qd8+ Kf7 54. Qh8 Kg6 55. Qd8 h6 56. Be5 Qh3 57. e4 Qd7 58. f5+ Kh7 59. Ke3 h5 60. Qg5 Qe8 61. Qd8 Qd7 62. d4 Kh6 63. Qh8+ Kg5 64. Bxg7 Qb5 65. Bf6+ Kg4 66.
Qxc8 Qb3+ 67. Kd2 Qb2+ 68. Kd3 Qb3+ 69. Ke2 Qc2+ 70. Ke1 Qc1+ 71. Ke2 Qc2+ 72. Ke1 Kf3 73. Qa6 Qc1# 0-1

[Event "*** Titled Tuesday 3|2 Blitz"]
[Site "Chess.com"]
[Date "2016.10.04"]
[Round "5"]
[White "wonderfultime"]
[Black "pKiLz5Rn9b"]
[Result "1-0"]
[WhiteElo "2694"]
[BlackElo "2489"]
[TimeControl "180+2"]
[EndTime "12:05:09 PDT"]
[Termination "wonderfultime won by resignation"]

1. d4 e6 2. c4 Nf6 3. Nf3 b6 4. a3 Bb7 5. Nc3 d5 6. cxd5 exd5 7. Bf4 Bd6 8. Bg3 O-O 9. e3 a6 10. Be2 c5 11. O-O Bxg3 12. hxg3 Nbd7 13. dxc5 Nxc5 14.
Rc1 Nfe4 15. Nd4 Qe7 16. b4 Nxc3 17. Rxc3 Ne4 18. Rc2 g6 19. Qa1 Rfc8 20. Rfc1 h5 21. Bf3 Qf6 22. Rxc8+ Rxc8 23. Rxc8+ Bxc8 24. Qc1 Bg4 25. Bxe4 dxe4 26. Qc7 b5 27. Qc2 Bf5 28. a4 bxa4 29.
Qxa4 Qb6 30. Qe8+ Kg7 31. Qe5+ Qf6 32. Qc7 Bg4 33. Qb7 Qd6 34. Qxe4 Bd7 35. Qb1 Bb5 36. Qb2 Kh7 37. Qb3 Kg7 38. Qc3 Kh7 39. e4 Qe5 40. Qe3 Qd6 41. e5 Qxb4 42. e6 Qe7 43.
exf7 Qxe3 44. fxe3 Kg7 45. e4 Kxf7 46. Kf2 Bd7 47. Nb3 Ba4 48. Nc5 Bb5 49. Ke3 a5 50.
Nb7 Ke6 51. Nxa5 Bf1 52. Kf2 Ba6 53. Kf3 Ke5 54. Nc6+ Ke6 55. Nd4+ Ke5 56. Ke3 Bf1 57. Nf3+ Ke6 58. Kf2 Bd3 59. Ke3 Bf1 60. Ne1 Ke5 61.
Nd3+ Ke6 62. Nf4+ Kf6 63. Kd4 Kg5 64. e5 Kf5 65. Kd5 g5 66. Nxh5 Bxg2+ 67. Kd6 Bf3 68.
Nf6 Bd1 69. Nd7 Bb3 70. Nc5 Ba2 71. Na4 Kg4 72. Nc3 Bg8 73. Ne4 Kf5 74. Nf6 Ba2 75. Nd5 Bb3 76. e6 Kg4 77. e7 Ba4 78. Nf6+ Kxg3 79.
Nd7 Bxd7 80. Kxd7 g4 81. e8=Q Kg2 82. Qe4+ Kh3 83. Qh1+ Kg3 84. Qg1+ 1-0

[Event "*** Titled Tuesday 3|2 Blitz"]
[Site "Chess.com"]
[Date "2016.10.04"]
[Round "5"]
[White "Oleksandr_Bortnyk"]
[Black "Zhani-Z"]
[Result "1-0"]
[WhiteElo "2733"]
[BlackElo "2329"]
[TimeControl "180+2"]
[EndTime "12:05:11 PDT"]
[Termination "Oleksandr_Bortnyk won by checkmate"]

1. e4 e5 2. Nf3 Nc6 3. Bc4 Bc5 4. c3 Nf6 5. d3 d6 6. a4 a6 7. O-O O-O 8. Bg5 h6 9. Bh4 g5 10. Nxg5 hxg5 11. Bxg5 Kg7 12. Nd2 Be6 13. Qf3 Rh8 14. h4 Kg6 15. Rae1 Rh5 16. d4 exd4 17. e5 Nxe5 18.
Rxe5 dxe5 19. Bd3+ Kg7 20. Bxf6+ Qxf6 21. Qxh5 Rh8 22.
Qg5+ Qxg5 23. hxg5 dxc3 24. bxc3 Rd8 25. Ne4 Be7 26. Bc2 Bf5 27. Bb1 Bxe4 28. Bxe4 b6 29. Bb7 a5 30. Re1 Bxg5 31. g3 Bf6 32. Re4 Rd3 33. Rc4 Be7 34. Ba6 Rd2 35. Rxc7 Bc5 36.
Bc4 Bxf2+ 37. Kg2 Bc5+ 38. Kf3 Rf2+ 39. Ke4 Rf6 40. Rb7 Kg6 41. Bd5 Rf2 42. Kxe5 f6+ 43.
Ke4 f5+ 44. Kd3 Rf1 45. Rb8 Rg1 46. Kc4 Kf6 47. Rg8 Bf2 48. Rf8+ Ke5 49. Re8+ Kf6 50. Re2 Bc5 51. Bg2 Kg5 52. Kd5 Kg4 53. Ke5 Kxg3 54.
Bd5 f4 55. Rd2 Re1+ 56. Kf5 f3 57. Rd3 Re3 58. Rd1 f2 59. Bc4 Re1 60. Rd3+ Kg2 61. Rd2 Kg1 62. Rd7 f1=Q+ 63. Bxf1 Kxf1 64. Kf4 Re2 65. Kf3 Rc2 66. Rd1# 1-0

[Event "*** Titled Tuesday 3|2 Blitz"]
[Site "Chess.com"]
[Date "2016.10.04"]
[Round "5"]
[White "BellJackson95"]
[Black "RodinMihail"]
[Result "0-1"]
[WhiteElo "2313"]
[BlackElo "2352"]
[TimeControl "180+2"]
[EndTime "12:05:13 PDT"]
[Termination "RodinMihail won on time"]

1. e4 e5 2. Nf3 Nc6 3. Bc4 Bc5 4. O-O d6 5. c3 Nf6 6. d4 exd4 7. cxd4 Bb6 8. d5 Ne7 9. Nc3 O-O 10. h3 Ng6 11. Re1 Re8 12. a4 a6 13. Be3 Bxe3 14. Rxe3 a5 15. Rc1 Bd7 16. Bb5 c6 17. dxc6 bxc6 18. Bf1 Qb8 19. Qd2 Qb4 20. Nd4 Rab8 21. Rc2 Rbd8 22.
b3 Nf4 23. Bc4 d5 24. exd5 cxd5 25. Bb5 Bxb5 26. Ncxb5 Qxd2 27. Rxd2 Ne4 28. Rd1 g6 29. Rde1 Ne6 30. f3 N4c5 31. Nc6 Rd7 32. Nxa5 d4 33.
R3e2 Ra8 34. b4 Nxa4 35. Rd2 Rb8 36. Na3 Rxb4 37. N5c4 Nac5 38. Ne5 Rd5 39. Nac4 f6 40. Nc6 Rb7 41. N4a5 Rc7 42. Nb4 Rd8 43. Nc4 Kf7 44. Nb6 d3 45. N6d5 Rcd7 46. Nc3 Nb3 47. Rb2 Nec5 48. Rd1 d2 49. Ne4 Nxe4 50. fxe4 Nc5 51. Nc6 Rc8 52. Nb8 Rdd8 53. Rc2 Nxe4 54. Nc6 Re8 55.
Rc4 Kg7 56. Kf1 f5 57. Na5 Ra8 58. Rc7+ Kf6 59. Nb3 Rad8 60. Rc6+ Kg5 61. Nc5 Kf4 62. Nxe4 fxe4 63. Ke2 e3 64. Rf6+ Kg3 65. Rf7 h5 66. Rg7 Re6 67. Rf7 Kxg2 68. Rf3 g5 69.
Rf5 g4 70. hxg4 hxg4 71. Rg5 g3 72. Rg4 Rf8 73. Rh4 Rf2+ 74. Kd3 e2 75. Kxd2 e1=Q+ 0-1

[Event "*** Titled Tuesday 3|2 Blitz"]
[Site "Chess.com"]
[Date "2016.10.04"]
[Round "5"]
[White "dabee"]
[Black "MateusViageiro"]
[Result "1-0"]
[WhiteElo "2466"]
[BlackElo "2308"]
[TimeControl "180+2"]
[EndTime "12:05:16 PDT"]
[Termination "dabee won by resignation"]

1. d4 Nf6 2. Bg5 e6 3. Nd2 d5 4. e3 Nbd7 5. Ngf3 Be7 6. Bd3 c5 7. c3 O-O 8. Ne5 cxd4 9. exd4 Nxe5 10. dxe5 Nd7 11. Bf4 Qb6 12. Rb1 Nc5 13. Bc2 Bd7 14. Nf3 Bb5 15. a4 Bc6 16. O-O a5 17. Nd4 Rfd8 18.
Re1 Rac8 19. Re3 g6 20. Rh3 Ne4 21. f3 Nc5 22. Be3 Qc7 23. f4 Ne4 24. Qg4 Bd7 25. Rf1 Qc4 26. f5 exf5 27. Nxf5 Bxf5 28. Rxf5 Bc5 29. Rf4 Bxe3+ 30. Rxe3 Qc5 31. Qe2 Ng5 32. Kh1 Ne6 33. Rh4 d4 34. Reh3 Nf8 35. e6 fxe6 36.
Bb3 Qe7 37. Re4 d3 38. Rxd3 Rxd3 39. Qxd3 Rd8 40. Qe2 Rd6 41. h3 Qd7 42. Re5 b6 43. Qe3 Kg7 44. Rb5 Qd8 45. Re5 Qf6 46. Re4 Qe7 47.
Kh2 Qc7 48. Qf4 Qe7 49. Qe5+ Kg8 50. Rf4 Qd7 51. Rf6 Qe7 52. Qf4 Kg7 53. Rf7+ Qxf7 54.
Qxd6 Qf5 55. Qxb6 Qf4+ 56. Kh1 Qc1+ 57. Kh2 Qf4+ 58. Kh1 Qc1+ 59. Qg1 Qxb2 60. Qd4+ Kg8 61. Bc4 Qa1+ 62. Kh2 Qe1 63. Bb5 Kf7 64. c4 Ke7 65. c5 Qb4 66. Qd6+ Kf7 67. Qe5 Qd2 68. c6 Ke7 69. c7 Qc1 70. Qg7+ 1-0

[Event "*** Titled Tuesday 3|2 Blitz"]
[Site "Chess.com"]
[Date "2016.10.04"]
[Round "6"]
[White "Kawhi_Leonard2"]
[Black "agser"]
[Result "0-1"]
[WhiteElo "1989"]
[BlackElo "2489"]
[TimeControl "180+2"]
[EndTime "12:08:55 PDT"]
[Termination "agser won by resignation"]

1. e4 c5 2. Nf3 e6 3. d4 cxd4 4. Nxd4 Nc6 5. Nc3 Qc7 6. f4 a6 7. Be3 b5 8. Nxc6 Qxc6 9. Bd3 Bb7 10. O-O Nf6 11. Qe2 Bc5 12. Bxc5 Qxc5+ 13. Kh1 d6 14. e5 Nd7 15. Ne4 Bxe4 16. Qe3 0-1

[Event "*** Titled Tuesday 3|2 Blitz"]
[Site "Chess.com"]
[Date "2016.10.04"]
[Round "6"]
[White "Iuri_Shkuro"]
[Black "Dale"]
[Result "1-0"]
[WhiteElo "2534"]
[BlackElo "2089"]
[TimeControl "180+2"]
[EndTime "12:09:01 PDT"]
[Termination "Iuri_Shkuro won by checkmate"]

1. e4 Nf6 2. e5 Nd5 3. d4 c5 4. c4 Nb4 5. a3 Qa5 6. Bd2 d6 7. Nc3 Bf5 8. axb4 Qxa1 9. Qxa1 cxd4 10. Nd5 Kd8 11. Qa5+ b6 12. Nxb6 Nc6 13. Qa4 axb6 14. Qxa8+ Kc7 15. exd6+ exd6 16. b5 Ne5 17. Nf3 g5 18.
Nxe5 dxe5 19. Qc6+ Kb8 20. Qxb6+ Kc8 21. Qc6+ Kb8 22. b6 Bd6 23. Qxd6+ Kb7 24. Qc7+ Ka6 25.
Qa7# 1-0

[Event "*** Titled Tuesday 3|2 Blitz"]
[Site "Chess.com"]
[Date "2016.10.04"]
[Round "6"]
[White "dretch"]
[Black "TomsKantans"]
[Result "1-0"]
[WhiteElo "2638"]
[BlackElo "2473"]
[TimeControl "180+2"]
[EndTime "12:09:32 PDT"]
[Termination "dretch won by resignation"]

1. d4 Nf6 2. c4 g6 3. Nc3 d5 4. Bf4 Bg7 5. e3 O-O 6. Rc1 c5 7.
dxc5 dxc4 8. Qxd8 Rxd8 9. Bxc4 Na6 10. Bxa6 bxa6 11. Nf3 Bb7 12. O-O a5 13. Nb5 Rdc8 14.
Nc7 Rab8 15. c6 Ba8 16. Nxa8 Rxa8 17. Rfd1 e6 18. Be5 a6 19. Nd4 Ra7 20. c7 Nd5 21. Nc6 Raa8 22. e4 Bxe5 23. exd5 Bxb2 24. Ne7+ Kf8 25.
Nxc8 1-0

[Event "*** Titled Tuesday 3|2 Blitz"]
[Site "Chess.com"]
[Date "2016.10.04"]
[Round "6"]
[White "Kubas1010"]
[Black "Spas_Kozhuharov"]
[Result "0-1"]
[WhiteElo "2457"]
[BlackElo "2482"]
[TimeControl "180+2"]
[EndTime "12:09:40 PDT"]
[Termination "Spas_Kozhuharov won by resignation"]

1. d4 d5 2. c4 dxc4 3. e3 Nf6 4. Bxc4 e6 5. Nf3 c5 6. O-O Nc6 7. Qe2 cxd4 8. Rd1 Be7 9. exd4 Na5 10. Bb5+ Bd7 11. Ne5 O-O 12. Nxd7 Nxd7 13. d5 e5 14. d6 Bf6 15. Nc3 a6 16. Bxd7 Qxd7 17. Nd5 Qxd6 18. b4 Nc6 19. Nb6 Nd4 20. Rxd4 Qxd4 0-1

[Event "*** Titled Tuesday 3|2 Blitz"]
[Site "Chess.com"]
[Date "2016.10.04"]
[Round "6"]
[White "Peroncio"]
[Black "pedromartinez91"]
[Result "1-0"]
[WhiteElo "2457"]
[BlackElo "2347"]
[TimeControl "180+2"]
[EndTime "12:09:41 PDT"]
[Termination "Peroncio won by resignation"]

1. d4 d5 2. c4 e6 3. Nc3 Be7 4.
cxd5 exd5 5. Bf4 c6 6. e3 Bf5 7.
Nf3 Nf6 8. h3 Nbd7 9. Bd3 Bxd3 10. Qxd3 O-O 11. Rb1 a5 12. O-O Re8 13. Rfc1 Bb4 14.
Na4 Ne4 15. a3 Bd6 16. Bxd6 Nxd6 17. Nd2 Re6 18. Nc5 Nxc5 19. Rxc5 Rg6 20. Qe2 Qg5 21. Qf3 Nf5 22. g3 Nxd4 23. exd4 Qxd2 24. b4 Qxd4 25. Rc2 axb4 26. axb4 Rf6 27. Qe2 h5 28. Qxh5 Ra3 29. Qg4 Kh7 30. Qxd4 1-0

[Event "*** Titled Tuesday 3|2 Blitz"]
[Site "Chess.com"]
[Date "2016.10.04"]
[Round "6"]
[White "FLchessplayer"]
[Black "FrankieJay"]
[Result "0-1"]
[WhiteElo "2022"]
[BlackElo "2190"]
[TimeControl "180+2"]
[EndTime "12:10:07 PDT"]
[Termination "FrankieJay won by resignation"]

1. d4 Nf6 2. Nf3 g6 3. Nc3 d5 4.
Bf4 Bg7 5. h3 O-O 6. e3 c6 7. Bd3 Re8 8. O-O Bf5 9. a3 Bxd3 10. cxd3 Nbd7 11. b4 a6 12. Na4 Nh5 13. Bh2 e5 14. dxe5 Nxe5 15. Nxe5 Bxe5 16. Bxe5 Rxe5 17.
d4 Re7 18. Qd3 f5 19. Nc5 Nf6 20. f3 Qd6 21. Rfe1 Rae8 22. Re2 Nh5 23. Rb1 Nf4 24. exf4 Rxe2 25. Nxb7 Qxf4 26. Na5 Qg3 0-1

[Event "*** Titled Tuesday 3|2 Blitz"]
[Site "Chess.com"]
[Date "2016.10.04"]
[Round "6"]
[White "Kouzari"]
[Black "dawtonlms"]
[Result "1-0"]
[WhiteElo "2425"]
[BlackElo "2153"]
[TimeControl "180+2"]
[EndTime "12:10:13 PDT"]
[Termination "Kouzari won by resignation"]

1. e4 c5 2. d4 cxd4 3. c3 g6 4.
Bc4 Bg7 5. Qb3 e6 6. cxd4 Bxd4 7.
Nf3 Bg7 8. Nc3 a6 9. Bg5 Ne7 10. O-O Nbc6 11. Rfd1 Na5 12. Qb4 Nxc4 13. Qxc4 h6 14.
Bh4 g5 15. Bg3 O-O 16. Bc7 Qe8 17. e5 f6 18. Ne4 fxe5 19. Nd6 Qg6 20. Bb6 Nd5 21.
Rxd5 exd5 22. Qxd5+ Kh7 23. Nd2 Rf6 24. N2e4 Re6 25.
Rc1 Bf8 26. Nxc8 Rxb6 27. Qxd7+ Kg8 28. Nxb6 Qxb6 29. Rc7 1-0

[Event "*** Titled Tuesday 3|2 Blitz"]
[Site "Chess.com"]
[Date "2016.10.04"]
[Round "6"]
[White "brightthunder"]
[Black "MyleneFarmer"]
[Result "1-0"]
[WhiteElo "2408"]
[BlackElo "2307"]
[TimeControl "180+2"]
[EndTime "12:10:18 PDT"]
[Termination "brightthunder won by resignation"]

1. e4 c5 2. Nf3 d6 3. d4 cxd4 4.
Nxd4 Nf6 5. Nc3 g6 6. Be3 Bg7 7. f3 O-O 8. Qd2 Nc6 9. Bc4 Bd7 10. O-O-O Rc8 11. Bb3 Nxd4 12. Bxd4 b5 13. Nd5 Nxd5 14.
Bxg7 Kxg7 15. exd5 a5 16. a3 b4 17. axb4 axb4 18.
Qxb4 Rc5 19. Rhe1 Kg8 20. Qd4 Re8 21. Re3 Qc7 22. Rc3 Ra8 23. Kd2 Rxc3 24. bxc3 Re8 25.
Re1 Bb5 26. h4 Qd7 27. g4 h6 28. Ra1 Rc8 29. c4 Bxc4 30. Bxc4 Qc7 1-0

[Event "*** Titled Tuesday 3|2 Blitz"]
[Site "Chess.com"]
[Date "2016.10.04"]
[Round "6"]
[White "Mastervlad8"]
[Black "lexiel"]
[Result "1-0"]
[WhiteElo "2132"]
[BlackElo "2154"]
[TimeControl "180+2"]
[EndTime "12:10:23 PDT"]
[Termination "Mastervlad8 won on time"]

1. e4 d6 2. d4 Nf6 3. Nc3 e5 4. Nf3 Nbd7 5. Bc4 Be7 6. dxe5 dxe5 7. O-O O-O 8. Qe2 c6 9. h3 Qc7 10. Be3 b5 11. Bd3 1-0

[Event "*** Titled Tuesday 3|2 Blitz"]
[Site "Chess.com"]
[Date "2016.10.04"]
[Round "6"]
[White "Carolina-moon"]
[Black "cstefan"]
[Result "1-0"]
[WhiteElo "2167"]
[BlackElo "2012"]
[TimeControl "180+2"]
[EndTime "12:10:56 PDT"]
[Termination "Carolina-moon won by resignation"]

1. e4 c6 2. c4 d5 3. exd5 cxd5 4.
cxd5 Nf6 5. Qa4+ Nbd7 6. Nc3 g6 7. Nf3 Bg7 8. Qb3 O-O 9. Bc4 a5 10.
a4 Nc5 11. Qa3 Na6 12. O-O Nb4 13. Qb3 Bf5 14. Nd4 Bd3 15. Bxd3 Nxd3 16. Ncb5 Nb4 17.
d6 exd6 18. d3 Rc8 19. Bd2 Nfd5 20. Rac1 Qb6 21. Be3 Nxe3 22. fxe3 Bh6 23. Rxc8 Bxe3+ 24. Kh1 Rxc8 25. Qxf7+ Kh8 26. Qf6+ Kg8 27. Qe6+ Kg7 28. Qxe3 1-0

[Event "*** Titled Tuesday 3|2 Blitz"]
[Site "Chess.com"]
[Date "2016.10.04"]
[Round "6"]
[White "biostatistician"]
[Black "oskariot"]
[Result "1/2-1/2"]
[WhiteElo "2438"]
[BlackElo "2381"]
[TimeControl "180+2"]
[EndTime "12:11:00 PDT"]
[Termination "Game drawn by agreement"]

1. d4 Nf6 2. Nf3 g6 3. c4 Bg7 4.
Nc3 O-O 5. e4 d6 6. Be2 c5 7. d5 e6 8. O-O exd5 9. exd5 Re8 10. h3 Ne4 11. Nxe4 Rxe4 12. Bd3 Re8 13. Bg5 Bf6 14.
Re1 Rxe1+ 15. Qxe1 Bxg5 16. Nxg5 Qxg5 17. Qe8+ Kg7 18.
Qxc8 Qe7 19. Kf1 Qd7 20. Qxd7 Nxd7 21. Re1 Kf8 22. f4 Re8 23. Rxe8+ Kxe8 24. Kf2 Ke7 25. Ke3 h6 26. h4 Nb6 27. b3 a5 28. a4 Na8 29. g4 Nc7 30. g5 hxg5 31. hxg5 1/2-1/2

[Event "*** Titled Tuesday 3|2 Blitz"]
[Site "Chess.com"]
[Date "2016.10.04"]
[Round "6"]
[White "Ar4uha"]
[Black "ulises2013"]
[Result "1-0"]
[WhiteElo "2470"]
[BlackElo "2318"]
[TimeControl "180+2"]
[EndTime "12:11:07 PDT"]
[Termination "Ar4uha won by resignation"]

1. e4 g6 2. d4 Bg7 3. Nc3 c5 4.
dxc5 Bxc3+ 5. bxc3 Qa5 6. Qd4 Nf6 7. Bd3 Nc6 8. Qc4 b6 9. cxb6 axb6 10. Ne2 Ba6 11.
Qb3 Ne5 12. O-O Nxd3 13. cxd3 Bxd3 14. Re1 O-O 15. Ng3 Rfc8 16. Bd2 Bc4 17. Qb2 d6 18. a4 Nd7 19. Qb4 Nc5 20. Qxc4 Nxa4 21. Qb4 Qxb4 22.
cxb4 b5 23. Rec1 Rc4 24. Rxc4 bxc4 25. Ne2 1-0

[Event "*** Titled Tuesday 3|2 Blitz"]
[Site "Chess.com"]
[Date "2016.10.04"]
[Round "6"]
[White "Holden-Caulfield"]
[Black "sandropozo"]
[Result "0-1"]
[WhiteElo "2467"]
[BlackElo "2362"]
[TimeControl "180+2"]
[EndTime "12:11:14 PDT"]
[Termination "sandropozo won by resignation"]

1. d4 d5 2. Nf3 Nf6 3. Bf4 c5 4. e3 Nc6 5. dxc5 g6 6. Nbd2 Bg7 7. Nb3 O-O 8. c3 Ne4 9. Be2 e5 10. Bg3 Nxg3 11. hxg3 Be6 12. O-O a5 13. a4 Qe7 14.
Qc2 f5 15. Rfd1 Rad8 16. Bb5 g5 17. Qe2 f4 18. exf4 gxf4 19. Bxc6 bxc6 20. Nxe5 fxg3 21. fxg3 Bf5 22. Re1 Rde8 23. g4 Bc8 24. Nd4 Bxe5 25. Qe3 Qh4 26. Qh3 Bxd4+ 27. cxd4 Rxe1+ 0-1

[Event "*** Titled Tuesday 3|2 Blitz"]
[Site "Chess.com"]
[Date "2016.10.04"]
[Round "6"]
[White "macko06"]
[Black "RamonManon0g"]
[Result "0-1"]
[WhiteElo "2112"]
[BlackElo "2217"]
[TimeControl "180+2"]
[EndTime "12:11:28 PDT"]
[Termination "RamonManon0g won by resignation"]

1. d4 Nf6 2. Nf3 g6 3. c4 d5 4. Nc3 Bg7 5. Bg5 Ne4 6. cxd5 Nxg5 7. Nxg5 e6 8. Qd2 Bh6 9. h4 f6 10. dxe6 fxg5 11. d5 O-O 12. Ne4 c6 13. hxg5 Bg7 14.
dxc6 Nxc6 15. Qe3 Bxe6 16. Nf6+ Rxf6 17. gxf6 Qxf6 18. g3 Bd5 19. f3 Qxb2 20. Rd1 Bc3+ 21. Kf2 Bd4 22. Rxd4 Qxd4 23. Qxd4 Nxd4 24. Bh3 Bxa2 25.
Rd1 Rd8 26. Ra1 Bc4 27. Rxa7 Ba6 28. f4 Nc6 0-1

[Event "*** Titled Tuesday 3|2 Blitz"]
[Site "Chess.com"]
[Date "2016.10.04"]
[Round "6"]
[White "Tash_Boy"]
[Black "Iball95"]
[Result "1/2-1/2"]
[WhiteElo "2451"]
[BlackElo "2515"]
[TimeControl "180+2"]
[EndTime "12:11:44 PDT"]
[Termination "Game drawn by repetition"]

1. e4 c5 2. Nf3 Nc6 3. d4 cxd4 4. Nxd4 g6 5. c4 Nf6 6. Nc3 d6 7. Be3 Ng4 8. Bc1 Qb6 9. Be3 Nxe3 10. fxe3 Qxb2 11.
Nd5 Bg4 12. Rb1 Qxa2 13. Ra1 Qb2 14. Rb1 Qa2 15. Ra1 Qb2 16. Rb1 Qa2 1/2-1/2